 Dungeon Crawl Stone Soup version 0.26.1-2-gb8aa6d0cf2 (webtiles) character file.

Game seed: 2909499651843441480

60 septik the Ruffian (level 3, -4/36 HPs)
             Began as a Troll Berserker on Mar 25, 2021.
             Was a Believer of Trog.
             Killed by divine providence
             ... invoked by an orc priest
              (11 damage)
             ... on level 2 of the Dungeon.
             The game lasted 00:10:55 (1159 turns).

septik the Ruffian (Troll Berserker)                Turns: 1159, Time: 00:11:08

Health: -4/36      AC:  7    Str: 25    XL:     3   Next: 82%
Magic:  2/2        EV: 10    Int:  3    God:    Trog [**....]
Gold:   62         SH:  0    Dex: 10    Spells: 2/2 levels left

rFire    . . .     SeeInvis .     - Unarmed
rCold    . . .     Faith    .   (no shield)
rNeg     . . .     Spirit   .   a - +0 animal skin
rPois    .         Reflect  .   (helmet restricted)
rElec    .         Harm     .   m - +0 cloak
rCorr    .         Rampage  .   (gloves unavailable)
Will     .....                  (boots unavailable)
Stlth    +.........             (no amulet)
HPRegen  0.52/turn              (no ring)
MPRegen  0.08/turn              (no ring)

@: berserk cooldown, slowed, very slow
A: large, unfitting armour, claws 3, regeneration 1, shaggy fur 1, tough skin 3
a: Renounce Religion, Berserk, Trog's Hand


You were on level 2 of the Dungeon.
You worshipped Trog.
Trog was pleased with you.
You visited 1 branch of the dungeon, and saw 2 of its levels.

You collected 62 gold pieces.

Inventory:

Missiles
 e - 63 stones (quivered)
Armour
 a - a +0 animal skin (worn)
 m - a +0 cloak (worn)
Scrolls
 f - 3 scrolls of identify {unknown}
 g - 2 scrolls of noise {unknown}
 h - a scroll of teleportation {unknown}
 j - a scroll of remove curse {unknown}
 k - 2 scrolls of blinking {unknown}
 l - a scroll of magic mapping {unknown}
Potions
 b - 2 potions of curing {unknown}
 c - 2 potions of brilliance {unknown}
 d - 2 potions of flight {unknown}
 i - a potion of magic {unknown}
 n - a potion of might {unknown}
 o - a potion of ambrosia {unknown}


   Skills:
 + Level 2.7 Fighting
 - Level 2.4 Dodging
 * Level 4.5 Unarmed Combat


You had 2 spell levels left.
You didn't know any spells.
Your spell library was empty.

Dungeon Overview and Level Annotations

Branches:
Dungeon (2/15)

Altars:


Innate Abilities, Weirdness & Mutations

You are too large for most types of armour.
You have claws for hands.
Your natural rate of healing is unusually fast.
You are covered in fur. (AC +1)
You have extremely tough skin. (AC +3)


Message History

You scratch the orc.
The orc is moderately wounded.
The orc priest invokes the aid of Beogh against you.
Beogh smites you!
* * * LOW HITPOINT WARNING * * *
The orc priest calls upon Beogh to heal the orc.
The orc's wounds heal themselves!
The orc closely misses you.
An orc comes into view. It is wielding a +0 trident of venom.
You barely miss the orc. The orc hits you but does no damage.
You claw the orc!
You kill the orc!
Trog accepts your kill.
The orc priest hits you but does no damage.
You claw the orc priest!
The orc priest is severely wounded.
The orc priest invokes the aid of Beogh against you.
You barely resist.
The orc priest invokes the aid of Beogh against you.
Beogh smites you!
You die...

#.# #.#.#.#.#.....# #####.#
#.......#.....#
?##.....####.............#.#
................###.#..#..#.#
##......#....#.#...........#.#
#......#.##.#.#.###.##.##.#.##
.......#.##.#.#..............#
########.##.#.#.#............#
####.#.#@#.####.#.....#
#....oo.####.#.....#
....#..........#.....#
###.###o#.####.#.....##
..........####.#......#
###.###........##...###
........#......##...#
###.##..#.####.##...# #
#.##..#.####.##...###


You could see 2 orc priests and an orc.

Vanquished Creatures
  Terence (D:2)
  An ooze (D:1)
  An orc (D:2)
  A ball python (D:1)
  5 bats
  2 giant cockroaches (D:1)
  4 hobgoblins (D:1)
  2 jackals (D:1)
  A frilled lizard (D:1)
  5 goblins
  A kobold (D:1)
  5 rats
29 creatures vanquished.

Notes
Turn   | Place    | Note
-------+----------+-------------------------------------------
     0 | D:1      | septik the Troll Berserker began the quest for the Orb.
     0 | D:1      | Reached XP level 1. HP: 22/22 MP: 0/0
   256 | D:1      | Reached XP level 2. HP: 24/29 MP: 1/1
   509 | D:1      | Reached skill level 4 in Unarmed Combat
   785 | D:1      | Reached XP level 3. HP: 36/36 MP: 2/2
  1109 | D:2      | Reached ** piety under Trog
  1129 | D:2      | Noticed Terence
  1135 | D:2      | Killed Terence
  1159 | D:2      | Killed from afar by an orc priest

Illustrated notes

Levels and vault maps discovered:
D:1:      erik_arrival_orb_chamber, layout_basic, minmay_tromino_v4_c
D:2:      layout_basic, nicolae_gozag_zags_fifth_avenue,
          chequers_serial_rivers_room_a, minmay_tree_intersection, uniq_terence

Skill      XL: |  1  2 |
---------------+-------+-----
Unarmed Combat | 4 |  4.5
Fighting       | |  2.7
Dodging        | |  2.4

Action                   || total
-------------------------++-------
Melee: Unarmed           ||    63
       Punch             ||     1
Throw: Stone             ||     4
Invok: Berserk           ||     2
 Stab: Sleeping          ||     1
Armor: Animal skin       ||    22
Dodge: Dodged            ||    25
